 Dungeon Crawl Stone Soup version 0.30-a0-782-ge64f9170bb (webtiles) character file.

Game seed: 7132417533532439439

241152 nuthulu the Impregnable (level 19, -5/124 HPs)
             Began as a Gargoyle Fighter on Feb 21, 2023.
             Was the Champion of Okawaru.
             Slain by a vault guard
             ... wielding a +0 halberd
             ... led by a vault warden
              (17 damage)
             ... on level 1 of the Vaults.
             The game lasted 01:05:38 (41052 turns).

nuthulu the Impregnable (Gargoyle Fighter)         Turns: 41052, Time: 01:05:38

Health: -5/124     AC: 56    Str: 28    XL:     19   Next: 35%
Magic:  24/24      EV: 10    Int: 10    God:    Okawaru [******]
Gold:   2845       SH: 29    Dex: 11    Spells: 18/18 levels left

rFire   + . .      SeeInvis +    X - +10 morningstar "Eos" {elec, Halo rElec}
rCold   . . .      Faith    .    O - +4 tower shield
rNeg    + + .      Spirit   .    S - +7 plate armour "Punotoxo" {Fly rCorr Int-5}
rPois   ∞          Reflect  +    U - +2 helmet {SInv}
rElec   +          Harm     .    j - +2 cloak
rCorr   +          Rampage  +    E - +1 pair of gloves of the Loofah {rF+ rN+ rCorr}
Will    +....                    q - +2 pair of boots {rampage} Stlth
                                 J - amulet "Omeer" {Reflect Rampage Dex+2 SH+5}
HPRegen 0.40/turn                c - +4 ring of slaying
MPRegen 0.19/turn                T - +6 ring of intelligence

@: flying, glowing
A: sickness immunity, AC +14, big wings, negative energy resistance 1,
electricity resistance, torment resistance 1, petrification resistance
}: 2/15 runes: decaying, gossamer
a: Renounce Religion, Heroism, Finesse, Duel


You were on level 1 of the Vaults.
You worshipped Okawaru.
Okawaru was exalted by your worship.
You visited 7 branches of the dungeon, and saw 33 of its levels.
You also visited: Gauntlet.

You collected 3557 gold pieces.
You spent 712 gold pieces at shops.

Inventory:

Hand Weapons
 X - the +10 morningstar "Eos" (weapon) {elec, Halo rElec}
   (Okawaru gifted it to you on level 2 of the Orcish Mines)

   Halo:      It grants its wielder a halo, revealing invisible creatures and
   increasing accuracy against all within it other than the wielder.
   rElec:     It insulates you from electricity.
Armour
 j - a +2 cloak (worn)
 q - a +2 pair of boots of rampaging (worn)
 A - the +3 chain mail "Omuczu" {+Inv rF+ Stlth+}
   (You found it on level 8 of the Dungeon)

   rF:        It protects you from fire.
   +Inv:      It lets you turn invisible.
   Stlth:     It makes you more stealthy.
 B - the +7 plate armour of Okawaru's Approval {rElec rN+ MP+9 Str-3}
   (Okawaru gifted it to you on level 4 of the Swamp)

   Str:       It affects your strength (-3).
   rElec:     It insulates you from electricity.
   rN:        It protects you from negative energy.
   MP:        It affects your magic capacity (+9).
 E - the +1 pair of gloves of the Loofah (worn) {rF+ rN+ rCorr}
   (You bought it in a shop on level 2 of the Dungeon)

   rF:        It protects you from fire.
   rN:        It protects you from negative energy.
   rCorr:     It protects you from acid and corrosion.
 O - a +4 tower shield (worn)
 P - the +3 hat of the Twisting Gods {Drain rN+ Str+9 Dex-3}
   (Okawaru gifted it to you on level 5 of the Lair of Beasts)

   Str:       It affects your strength (+9).
   Dex:       It affects your dexterity (-3).
   rN:        It protects you from negative energy.
   Drain:     It drains your maximum health when unequipped.
 S - the +7 plate armour "Punotoxo" (worn) {Fly rCorr Int-5}
   (You found it on level 4 of the Lair of Beasts)

   Int:       It affects your intelligence (-5).
   Fly:       It grants you flight.
   rCorr:     It protects you from acid and corrosion.
 U - a +2 helmet of see invisible (worn)
 W - the +0 buckler "Balir" {Str+4 Slay+5}
   (You found it in a Gauntlet)

   Str:       It affects your strength (+4).
   Slay:      It affects your accuracy & damage with ranged weapons and melee
   (+5).
Jewellery
 b - a +5 ring of evasion
 c - a +4 ring of slaying (left hand)
 s - a ring of fire
 t - a ring of protection from fire
 G - the ring of Shadows {Umbra +Inv Stlth+}
   (You found it on level 14 of the Dungeon)

   [ring of stealth]

   Umbra:     It surrounds you with an aura of shadow, increasing your stealth
   and reducing the accuracy of all others within it.
   +Inv:      It lets you turn invisible.
   Stlth:     It makes you more stealthy.
 I - the ring "Ocopry" {rPois rC+ rN+}
   (You found it on level 1 of the Spider Nest)

   [ring of poison resistance]

   rC:        It protects you from cold.
   rPois:     It protects you from poison.
   rN:        It protects you from negative energy.
 J - the amulet "Omeer" (around neck) {Reflect Rampage Dex+2 SH+5}
   (You found it on level 2 of the Spider Nest)

   [amulet of reflection]

   It reflects blocked missile attacks.
   Dex:       It affects your dexterity (+2).
   SH:        It affects your SH (+5).
   Rampage:   It bestows one free step when moving towards enemies.
 N - an amulet of magic regeneration
 Q - an amulet of regeneration
 T - a +6 ring of intelligence (right hand)
 V - the ring "Caasau" {rElec rF+ Dex-5 Slay+5 Stlth+}
   (You took it off a minotaur in a Gauntlet)

   [ring of protection from fire]

   Dex:       It affects your dexterity (-5).
   Slay:      It affects your accuracy & damage with ranged weapons and melee
   (+5).
   rF:        It protects you from fire.
   rElec:     It insulates you from electricity.
   Stlth:     It makes you more stealthy.
 Y - a ring of protection from cold
Wands
 a - a wand of digging (18)
 d - a wand of light (21)
 m - a wand of flame (85)
 u - a wand of mindburst (20)
 D - a wand of iceblast (38)
 Z - a wand of paralysis (16)
Scrolls
 k - 6 scrolls of fear
 l - 4 scrolls of immolation
 n - 14 scrolls of teleportation
 x - 2 scrolls of amnesia
 y - 3 scrolls of brand weapon
 z - 6 scrolls of poison
 C - 6 scrolls of magic mapping
 L - 15 scrolls of identify
 R - 2 scrolls of silence
Potions
 e - 3 potions of cancellation
 f - 4 potions of haste
 g - 6 potions of brilliance
 h - 4 potions of magic
 i - 4 potions of mutation
 o - 5 potions of ambrosia
 p - 5 potions of berserk rage
 r - 6 potions of lignification
 v - 2 potions of heal wounds
 w - 9 potions of curing
 F - 3 potions of invisibility
 H - 9 potions of attraction
 K - 5 potions of resistance
 M - 5 potions of might


   Skills:
 - Level 15.2 Fighting
 - Level 16.0 Maces & Flails
 + Level 22.6 Armour
 - Level 8.1 Dodging
 + Level 19.3 Shields
 - Level 7.0 Invocations


You had 18 spell levels left.
You didn't know any spells.
Your spell library contained the following spells:

 Spells                   Type           Power      Damage    Failure   Level
 Apportation              Tloc           0%         N/A       97%         1
 Beastly Appendage        Tmut           0%         N/A       97%         1
 Kiss of Death            Conj/Necr      0%         2d5       97%         1
 Magic Dart               Conj           0%         1d3       97%         1
 Necrotise                Necr           0%         1d4       97%         1
 Slow                     Hex            0%         N/A       97%         1
 Blink                    Tloc           0%         N/A       99%         2
 Ensorcelled Hibernation  Hex/Ice        0%         N/A       99%         2
 Lesser Beckoning         Tloc           0%         N/A       99%         2
 Momentum Strike          Conj/Tloc      0%         3d8       99%         2
 Passwall                 Tmut/Erth      0%         N/A       99%         2
 Wereblood                Tmut           0%         N/A       99%         2
 Confusing Touch          Hex            0%         N/A       100%        3
 Dazzling Flash           Conj/Hex       0%         N/A       100%        3
 Gell's Gravitas          Tloc           0%         N/A       100%        3
 Kindle Blastsparks       Fire/Tloc/Air  0%         2d10      100%        3
 Mephitic Cloud           Conj/Pois/Air  0%         N/A       100%        3
 Spider Form              Tmut/Pois      0%         N/A       100%        3
 Swiftness                Air            0%         N/A       100%        3
 Teleport Other           Tloc           0%         N/A       100%        3
 Vampiric Draining        Necr           0%         2d6       100%        3
 Dispel Undead            Necr           0%         3d6       100%        4
 Fulminant Prism          Conj/Hex       0%         3d5       100%        4
 Iskenderun's Mystic Bla  Conj/Tloc      0%         2d3       100%        4
 Passage of Golubria      Tloc           0%         N/A       100%        4
 Agony                    Necr           0%         N/A       100%        5
 Fireball                 Conj/Fire      0%         3d3       100%        5
 Iskenderun's Battlesphe  Conj           0%         2d6       100%        5
 Lee's Rapid Deconstruct  Erth           0%         3d4*      100%        5
 Silence                  Hex/Air        0%         N/A       100%        5
 Yara's Violent Unravell  Hex/Tmut       0%         3d3       100%        5
 Conjure Ball Lightning   Conj/Air       0%         3x3d6     100%        6
 Dispersal                Tloc           0%         N/A       100%        6
 Starburst                Conj/Fire      0%         6d3       100%        6
 Orb of Destruction       Conj           0%         9d5       100%        7
 Summon Small Mammal      Summ           Unusable   N/A       N/A         1
 Call Imp                 Summ           Unusable   N/A       N/A         2
 Call Canine Familiar     Summ           Unusable   N/A       N/A         3
 Summon Guardian Golem    Hex/Summ       Unusable   N/A       N/A         3
 Tukima's Dance           Hex            Unusable   N/A       N/A         3
 Animate Dead             Necr           Unusable   N/A       N/A         4
 Summon Forest            Summ/Tloc      Unusable   N/A       N/A         5
 Haunt                    Necr/Summ      Unusable   N/A       N/A         7
 Summon Hydra             Summ           Unusable   N/A       N/A         7
 Infestation              Necr           Unusable   N/A       N/A         8

Dungeon Overview and Level Annotations

Branches:
Dungeon (15/15)            Temple (1/1) D:7            Lair (5/5) D:11
  Swamp (4/4) Lair:2       Spider (4/4) Lair:3        Slime (0/5) Lair:5
    Orc (2/2) D:12            Elf (0/3) Orc:2        Vaults (2/5) D:14
 Depths (0/4) D:15        Gauntlet (visited)
  Crypt: Vaults:2-3

Altars:
Ashenzari
Cheibriados
Dithmenos
Elyvilon
Fedhas
Gozag
Hepliaklqana
Kikubaaqudgha
Makhleb
Nemelex Xobeh
Okawaru
Qazlal
Ru
Sif Muna
Trog
Uskayaw
Vehumet
Wu Jian
Xom
Yredelemnul
Zin
The Shining One
Jiyva

Shops:
D:2 [   D:4 *   D:8 [   D:11 *   Orc:2 !**??

Annotations:
Lair:5 1 runed translucent door, gengaozo's ghost, journeyman DrTm


Innate Abilities, Weirdness & Mutations

You are immune to sickness and miasma.
Your stone body is resilient. (AC +14)
You are immune to poison.
Your large and strong wings let you fly.
You resist negative energy. (rN+)
You are resistant to electric shocks. (rElec)
You are resistant to unholy torment.
You are immune to petrification.


Message History

As you read the scroll of teleportation, it crumbles to dust.
You feel strangely unstable. The vault guard barely misses you.
You block the ironbound preserver's attack.
The deep troll bites you but does no damage.
The deep troll claws you but does no damage.
The deep troll closely misses you.
The ironbound preserver attacks as you move away!
You block the ironbound preserver's attack.
The vault guard attacks as you move away!
The vault guard hits you but does no damage.
Okay, then.
The deep troll attacks as you move away!
You block the deep troll's attack. x2; The deep troll barely misses you.
Your surroundings suddenly seem different.
Found a ring mail.
Found a stone staircase leading up.
You reach down and close the door.
A wizard comes into view. It is wielding a +0 dagger.
The wizard shouts!
You hear a shout!
A white ugly thing comes into view.
A white ugly thing comes into view.
The white ugly thing gurgles horribly! x2; You hear a shout!
A deep troll comes into view.
An ironbound preserver comes into view.
It is wielding a +0 dire flail and wearing a +0 leather armour of cold resistance.
A deep troll comes into view. x2
There is a stone staircase leading up here.
The white ugly thing basks in the mutagenic energy from its kin and changes!
The ironbound preserver casts a spell.
The ironbound preserver begins to accept its allies' injuries.
The wizard gestures wildly while chanting.
The wizard flickers and vanishes for a moment.
You hear a horrible gurgling sound!
You hear a shout!
You fly upwards.
The deep troll earth mage shouts!
The deep troll shouts!
The deep troll earth mage shouts!
The vault warden shouts!
The vault guard shouts! x2
You block the vault guard's attack. The deep troll earth mage bites you.
* * * LOW HITPOINT WARNING * * *
You block the deep troll earth mage's attack. x2
The vault guard hits you with a +0 halberd!
You die... ## .# ###.# #pTp# #T@p# #TTp# #p### #. ##

You could see an iron troll, a vault warden, 2 vault guards, a deep troll, an ironbound convoker, 2 deep troll earth magi and a wizard (invisible, sheltered).

Vanquished Creatures
  Bai Suzhen (Spider:4)
  Nikola (Swamp:1)
  Asterion (Spider:1)
  Jorgrun (Swamp:1)
  Gastronok (Lair:1)
  The ghost of Norchoty the Carver, an adept FoHu of Okawaru (Spider:2)
  Kirke (D:15)
  2 thorn hunters
  The ghost of rlgrobin the Bludgeoner, an adept GnWn of Hepliaklqana (Spider:1)
  A fenstrider witch (Swamp:4)
  2 vault wardens (Vaults:2)
  8 emperor scorpions
  3 ghost moths
  The ghost of Gaumeacru the Protected, a journeyman MiBe of Trog (Spider:2)
  3 broodmothers
  2 ghouls (Swamp:3)
  6 ironbound preservers
  A war gargoyle (Vaults:2)
  2 ironbound thunderhulks (Vaults:1)
  7 eleionomae
  A minotaur (Gauntlet)
  4 bunyips
  A dire elephant (Lair:5)
  4 spark wasps
  An ettin (D:12)
  2 entropy weavers
  A shambling mangrove (Swamp:4)
  Josephine (D:13)
  A yaktaur captain (Vaults:1)
  2 great orbs of eyes (Vaults:1)
  27 hydras
  A ghost crab (Swamp:4)
  An ogre mage (D:13)
  2 vault guards (Vaults:2)
  A peacekeeper (Vaults:2)
  6 centaur warriors
  A jorogumo (Spider:3)
  4 catoblepae
  A radroach (Spider:3)
  3 ironbound frosthearts
  5 two-headed ogres
  A spriggan air mage (Swamp:4)
  7 alligators
  5 boulder beetles
  8 death yaks
  2 tengu warriors
  3 orc high priests (Orc:2)
  Urug (Lair:2)
  Sonja (Lair:5)
  Amaemon (D:9)
  4 goliath frogs
  4 skeletal warriors (D:14)
  A sun moth (Spider:3)
  7 pharaoh ants
  A skyshark (Lair:2)
  10 swamp dragons
  16 deep trolls
  6 spriggan druids
  7 orb spiders
  3 bog bodies
  6 steelbarb worms
  3 wizards (D:15)
  4 ironbound convokers
  A lindwurm (Lair:5)
  2 necromancers
  7 orc knights
  2 deep elf pyromancers (D:9)
  5 orc sorcerers
  6 manticores
  15 ugly things
  19 wolf spiders
  2 will-o-the-wisps (Swamp:2)
  3 moths of wrath
  2 centaur zombies (D:15)
  2 vault sentinels (Vaults:2)
  4 cyclopes
  6 black mambas
  6 demonic crawlers
  2 naga magi (D:15)
  12 cane toads
  An orange demon (D:10)
  6 torpor snails
  4 gargoyles
  3 centaur skeletons (D:15)
  Psyche (D:9)
  5 kobold demonologists (D:14)
  11 komodo dragons
  An unseen horror (D:13)
  A tengu conjurer (D:13)
  5 rime drakes
  An efreet (D:15)
  15 yaktaurs
  3 meliai (Spider:3)
  6 trolls
  17 hornets
  2 polar bears
  6 tyrant leeches
  14 tarantellas
  12 blink frogs
  A blink frog (shapeshifter) (D:13)
  22 jumping spiders
  8 dream sheep
  5 wraiths
  18 culicivoras
  4 shadows
  20 slime creatures
  45 yaks
  20 spriggans
  6 wyverns
  A centaur simulacrum (D:14)
  A ynoxinul (Gauntlet)
  2 hogs (D:15)
  4 humans
  4 basilisks
  A steam dragon (D:7)
  33 redbacks
  7 vampire mosquitoes
  A warg (Orc:1)
  An acid dragon (D:11)
  13 swamp worms
  16 water moccasins
  9 swamp drakes
  A sky beast (D:7)
  18 orc warriors
  5 ice beasts
  9 ogres
  6 boggarts
  10 centaurs
  8 kobold brigands
  A gnoll sergeant (D:8)
  4 scorpions
  2 necrophages
  6 bullfrogs
  9 wights
  3 killer bees (D:11)
  7 howler monkeys
  An electric eel (Lair:2)
  A crimson imp (D:9)
  A lava snake (D:13)
  3 hounds
  2 gnoll boudas
  22 orc priests
  Crazy Yiuf (D:2)
  4 iron imps
  Jessica (D:2)
  3 iguanas
  13 hell rats
  Natasha (thrice) (D:2)
  24 orc wizards
  11 adders
  23 gnolls
  A shadow imp (D:9)
  3 white imps
  2 worms
  4 dart slugs
  74 orcs
  5 bats
  6 endoplasms
  11 giant cockroaches
  10 goblins
  7 hobgoblins
  8 jackals
  A quokka (D:6)
  8 ball pythons
  3 frilled lizards (D:1)
  26 kobolds
  10 rats
1050 creatures vanquished.

Vanquished Creatures (others)
  A bloated husk (Swamp:4)
  A human (D:15)
  2 orc priests
  An orc wizard (D:9)
  A white imp (D:7)
  3 orcs
  2 briar patches (Swamp:4)
  2 bushes (Lair:5)
  4 foxfires (Swamp:2)
  26 fungi
  36 plants
  6 withered plants (Spider:2)
85 creatures vanquished.

Grand Total: 1135 creatures vanquished

Notes
Turn   | Place    | Note
-------+----------+-------------------------------------------
     0 | D:1      | nuthulu the Gargoyle Fighter began the quest for the Orb.
     0 | D:1      | Reached XP level 1. HP: 14/14 MP: 1/1
   126 | D:1      | Reached XP level 2. HP: 20/20 MP: 2/2
   837 | D:1      | Reached XP level 3. HP: 21/24 MP: 3/3
   997 | D:2      | Reached XP level 4. HP: 16/30 MP: 4/4
  1062 | D:2      | Noticed Natasha
  1070 | D:2      | Killed Natasha
  1215 | D:2      | Noticed Natasha
  1221 | D:2      | Killed Natasha
  1222 | D:2      | Reached XP level 5. HP: 29/34 MP: 5/5
  1260 | D:2      | Reached skill level 5 in Fighting
  1388 | D:2      | Noticed Natasha
  1402 | D:2      | Killed Natasha
  1555 | D:2      | Noticed Jessica
  1584 | D:2      | Killed Jessica
  1662 | D:2      | Found Beutt's Armour Shop.
  1721 | D:2      | Found a runed translucent door.
  1722 | D:2      | Noticed Crazy Yiuf
  2031 | D:2      | HP: 1/35 [Crazy Yiuf/+3 quarterstaff of chaos (4)]
  2037 | D:2      | Killed Crazy Yiuf
  2038 | D:2      | Reached XP level 6. HP: 13/41 MP: 4/6
  3050 | D:3      | Found a burning altar of Makhleb.
  3556 | D:4      | Reached skill level 5 in Maces & Flails
  3556 | D:4      | Reached XP level 7. HP: 43/47 MP: 7/7
  3589 | D:4      | Found Macol's CLEARANCE SALE!.
  3746 | D:2      | Bought a +0 pair of boots of rampaging for 138 gold pieces
  4023 | D:5      | Entered Level 5 of the Dungeon
  4513 | D:5      | Reached XP level 8. HP: 52/53 MP: 8/8
  5058 | D:6      | Found a broken altar of Ashenzari.
  5936 | D:6      | Reached XP level 9. HP: 60/60 MP: 9/9
  5986 | D:6      | Found a sacrificial altar of Ru.
  5988 | D:6      | Found a stormy altar of Qazlal.
  6485 | D:7      | Found a basalt altar of Yredelemnul.
  6627 | D:7      | Reached skill level 10 in Fighting
  6757 | D:7      | Found a staircase to the Ecumenical Temple.
  6772 | Temple   | Entered the Ecumenical Temple
  6779 | Temple   | Became a worshipper of Warmaster Okawaru
  7566 | D:8      | Reached * piety under Okawaru
  7717 | D:8      | Found Hutteod's Antique Armour Boutique.
  7967 | D:8      | Reached XP level 10. HP: 70/70 MP: 10/10
  7970 | D:8      | Reached skill level 10 in Maces & Flails
  8026 | D:8      | Noticed a two-headed ogre
  8048 | D:8      | Killed a two-headed ogre
  8120 | D:8      | Identified the +3 chain mail "Omuczu" {+Inv rF+ Stlth+}
  8306 | D:8      | Reached ** piety under Okawaru
  9610 | D:9      | Identified the +0 leather armour "Tion" {rF+}
  9618 | D:9      | Found a blossoming altar of Fedhas.
  9622 | D:9      | You fall into a shaft and drop 2 floors!
  9624 | D:11     | Noticed a boulder beetle
  9633 | D:10     | Entered Level 10 of the Dungeon
 10301 | D:9      | Noticed a deep elf pyromancer
 10313 | D:9      | Killed a deep elf pyromancer
 10320 | D:9      | Noticed a deep elf pyromancer
 10336 | D:9      | Killed a deep elf pyromancer
 10336 | D:9      | Reached *** piety under Okawaru
 10460 | D:9      | Noticed a two-headed ogre
 10470 | D:9      | Killed a two-headed ogre
 10471 | D:9      | Reached XP level 11. HP: 25/78 MP: 9/12
 11328 | D:10     | Noticed a two-headed ogre
 11344 | D:10     | Killed a two-headed ogre
 11555 | D:10     | Noticed Amaemon
 11641 | D:9      | Killed Amaemon
 11745 | D:10     | Received a gift from Okawaru
 11821 | D:9      | Reached **** piety under Okawaru
 12049 | D:10     | Reached skill level 5 in Invocations
 12128 | D:10     | Found a shimmering altar of Xom.
 12132 | D:10     | Found a faded altar of an unknown god.
 12137 | D:10     | Noticed Psyche
 12206 | D:9      | Killed Psyche
 12609 | D:11     | Noticed a cyclops
 12857 | D:2      | Bought the +1 pair of gloves of the Loofah {rF+ rN+ rCorr}
                  | for 399 gold pieces
 13425 | D:11     | Killed a boulder beetle
 13725 | D:11     | Found Suavergh's Mass Market.
 14082 | D:11     | Found a staircase to the Lair.
 14105 | D:11     | Reached XP level 12. HP: 48/85 MP: 15/17
 14308 | D:11     | Received a gift from Okawaru
 14423 | Lair:1   | Entered Level 1 of the Lair of Beasts
 15059 | Lair:1   | Noticed Gastronok
 15072 | Lair:1   | Killed Gastronok
 15186 | Lair:1   | Reached ***** piety under Okawaru
 15523 | Lair:1   | Reached skill level 15 in Fighting
 15881 | Lair:2   | Got Wuevyg's Octavo of Dimensional Calling
 15891 | Lair:2   | Noticed a four-headed hydra
 15921 | Lair:1   | Killed a four-headed hydra
 15993 | Lair:2   | Identified the +1 eveningstar of Abomination {venom, rC-
                  | Dex+6} (Okawaru gifted it to you on level 2 of the Lair of
                  | Beasts)
 15993 | Lair:2   | Received a gift from Okawaru
 16030 | Lair:2   | Noticed an eight-headed hydra
 16032 | Lair:2   | Noticed a seven-headed hydra
 16809 | Lair:2   | Noticed Urug
 16811 | Lair:2   | Paralysed by Urug for 4 turns
 16825 | Lair:2   | Killed Urug
 16885 | Lair:2   | Killed a seven-headed hydra
 17219 | Lair:2   | Killed an eight-headed hydra
 17463 | Lair:2   | Found a staircase to the Swamp.
 17720 | Lair:3   | Found a hole to the Spider Nest.
 17741 | Lair:3   | Reached skill level 15 in Maces & Flails
 17741 | Lair:3   | Reached XP level 13. HP: 63/92 MP: 18/18
 17969 | Lair:3   | Received a gift from Okawaru
 18094 | Lair:3   | Identified the +1 robe of Beauty {MP+9} (Okawaru gifted it
                  | to you on level 3 of the Lair of Beasts)
 18094 | Lair:3   | Received a gift from Okawaru
 19327 | Lair:4   | Reached skill level 4 in Armour
 19748 | Lair:4   | Reached skill level 5 in Armour
 19748 | Lair:4   | Reached skill level 5 in Shields
 19865 | Lair:4   | Identified the +7 plate armour "Punotoxo" {Fly rCorr Int-5}
 20364 | Lair:5   | Entered Level 5 of the Lair of Beasts
 20462 | Lair:4   | Reached skill level 6 in Armour
 20611 | Lair:5   | Found a staircase to the Slime Pits.
 20611 | Lair:5   | Found a viscous altar of Jiyva.
 20644 | Lair:5   | Noticed Sonja
 20675 | Lair:5   | Killed Sonja
 20675 | Lair:5   | Identified the +3 hat of the Twisting Gods {Drain rN+ Str+9
                  | Dex-3} (Okawaru gifted it to you on level 5 of the Lair of
                  | Beasts)
 20675 | Lair:5   | Received a gift from Okawaru
 21000 | Lair:4   | Reached skill level 7 in Armour
 21433 | Lair:5   | Gained mutation: Your large and strong wings let you fly.
                  | [Gargoyle growth]
 21433 | Lair:5   | Reached XP level 14. HP: 97/98 MP: 19/19
 21461 | Lair:5   | Reached skill level 8 in Armour
 21746 | Lair:5   | Reached skill level 9 in Armour
 21989 | Lair:5   | Found a runed translucent door.
 21990 | Lair:5   | Found a shimmering altar of Xom.
 21990 | Lair:5   | Noticed gengaozo's ghost (journeyman DrTm)
 22651 | Lair:5   | Noticed a dire elephant
 22713 | Lair:5   | Killed a dire elephant
 22732 | Lair:5   | Identified the +1 scale mail "Duiraut" {Int+3} (Okawaru
                  | gifted it to you on level 5 of the Lair of Beasts)
 22732 | Lair:5   | Received a gift from Okawaru
 23177 | D:12     | Found a staircase to the Orcish Mines.
 23428 | D:12     | Reached skill level 10 in Shields
 23435 | D:12     | Reached skill level 10 in Armour
 23659 | D:12     | Found a gate leading to a gauntlet.
 23668 | Gauntlet | Entered a Gauntlet
 23668 | Gauntlet | Found a runed translucent door.
 23668 | Gauntlet | Found a transporter.
 23668 | Gauntlet | Found a runed translucent door.
 23668 | Gauntlet | Found a transporter.
 23674 | Gauntlet | Found a transporter.
 23674 | Gauntlet | Found a transporter.
 23677 | Gauntlet | Found a transporter.
 23774 | Gauntlet | Found a transporter.
 23774 | Gauntlet | Found a transporter.
 23774 | Gauntlet | Found a transporter.
 23788 | Gauntlet | Found a transporter.
 23791 | Gauntlet | Found a transporter.
 23791 | Gauntlet | Found a transporter.
 23868 | Gauntlet | Identified the ring "Caasau" {rElec rF+ Dex-5 Slay+5
                  | Stlth+}
 23892 | Gauntlet | Identified the +0 buckler "Balir" {Str+4 Slay+5}
 23892 | Gauntlet | Identified the +3 leather armour of Somewhere Else {Drain
                  | rElec rC+ Dex+3}
 24155 | Orc:1    | Entered Level 1 of the Orcish Mines
 24172 | Orc:1    | Paralysed by an orc sorcerer for 5 turns
 24539 | Orc:1    | Reached skill level 11 in Armour
 24884 | Orc:2    | Entered Level 2 of the Orcish Mines
 25191 | Orc:2    | Found Juderian's Assorted Antiques.
 25285 | Orc:2    | Found a staircase to the Elven Halls.
 25698 | Orc:2    | Reached XP level 15. HP: 68/103 MP: 20/20
 25900 | Orc:2    | Received a gift from Okawaru
 25900 | Orc:2    | Found the +10 morningstar "Eos" {elec, Halo rElec}
 26049 | Orc:2    | Found Tepseosod's Magic Scroll Boutique.
 26049 | Orc:2    | Found Xeeptau's Magic Scroll Shoppe.
 26053 | Orc:2    | Found Joukung's General Store.
 26053 | Orc:2    | Found Facrut's Distillery.
 26064 | Orc:2    | Bought a potion of heal wounds for 50 gold pieces
 26064 | Orc:2    | Bought a potion of heal wounds for 50 gold pieces
 26065 | Orc:2    | Bought a potion of heal wounds for 75 gold pieces
 26230 | Swamp:1  | Entered Level 1 of the Swamp
 26230 | Swamp:1  | Noticed Jorgrun
 26237 | Swamp:1  | Killed Jorgrun
 26238 | Swamp:1  | Reached skill level 12 in Armour
 26692 | Swamp:1  | Noticed Nikola
 26708 | Swamp:1  | Killed Nikola
 27198 | Swamp:2  | Reached skill level 13 in Armour
 27351 | Swamp:2  | Identified the +0 plate armour "Roheg" {rElec rF+ Will+
                  | Dex+4} (Okawaru gifted it to you on level 2 of the Swamp)
 27351 | Swamp:2  | Received a gift from Okawaru
 27404 | Swamp:2  | Noticed a thorn hunter
 27412 | Swamp:2  | Killed a thorn hunter
 28022 | Swamp:3  | Noticed a ghoul
 28026 | Swamp:3  | Reached skill level 14 in Armour
 28026 | Swamp:3  | Noticed a ghoul
 28032 | Swamp:3  | Killed a ghoul
 28056 | Swamp:3  | Killed a ghoul
 28312 | Swamp:3  | Reached XP level 16. HP: 108/108 MP: 21/21
 28319 | Swamp:3  | Reached skill level 1 in Dodging
 28349 | Swamp:3  | Identified the +7 falchion "Killer Bee's Bane" {spect, rC+
                  | rCorr}
 28687 | Swamp:4  | Entered Level 4 of the Swamp
 28770 | Swamp:4  | Noticed a fenstrider witch
 28774 | Swamp:4  | Killed a fenstrider witch
 28774 | Swamp:4  | Identified the +1 helmet of Hukiguic {Rampage rN++ Int-3
                  | Stlth+} (Okawaru gifted it to you on level 4 of the Swamp)
 28774 | Swamp:4  | Received a gift from Okawaru
 28793 | Swamp:4  | Reached skill level 15 in Armour
 28853 | Swamp:4  | Noticed a thorn hunter
 28873 | Swamp:4  | Killed a thorn hunter
 29155 | Swamp:4  | Reached skill level 5 in Dodging
 29369 | Swamp:4  | Reached ****** piety under Okawaru
 29393 | Swamp:4  | Got a decaying rune of Zot
 29469 | Swamp:4  | Identified the +7 plate armour of Okawaru's Approval {rElec
                  | rN+ MP+9 Str-3} (Okawaru gifted it to you on level 4 of the
                  | Swamp)
 29469 | Swamp:4  | Received a gift from Okawaru
 29478 | Swamp:4  | Reached skill level 16 in Armour
 29811 | Spider:1 | Entered Level 1 of the Spider Nest
 30301 | Spider:1 | Reached XP level 17. HP: 88/113 MP: 22/22
 30846 | Spider:1 | Found a transporter.
 30851 | Spider:1 | Found a transporter.
 30858 | Spider:1 | Noticed rlgrobin's ghost (adept GnWn)
 31250 | Spider:1 | Reached skill level 17 in Armour
 31275 | Spider:1 | Killed rlgrobin's ghost
 31281 | Spider:1 | Identified the ring "Ocopry" {rPois rC+ rN+}
 31338 | Spider:1 | Identified the +8 dagger "Dragonslayer" {elec, +Blink}
 31596 | Spider:2 | Received a gift from Okawaru
 31917 | Spider:2 | Found a runed translucent gate.
 31917 | Spider:2 | Found a runed translucent gate.
 31920 | Spider:2 | Found a runed translucent gate.
 31971 | Spider:2 | Noticed Norchoty's ghost (adept FoHu)
 32292 | Spider:2 | Identified the +0 chain mail "Teiges" {Str+4 Int+3 Dex-5}
 32319 | Spider:2 | Identified the amulet "Omeer" {Reflect Rampage Dex+2 SH+5}
 33037 | Spider:2 | Noticed Gaumeacru's ghost (journeyman MiBe)
 33162 | Spider:2 | Killed Gaumeacru's ghost
 33176 | Spider:2 | Killed Norchoty's ghost
 33228 | Spider:3 | Reached skill level 15 in Shields
 33230 | Spider:3 | Noticed Asterion
 33250 | Spider:2 | Identified the +0 eveningstar of the Valley of Death
                  | {antimagic, Str+2} (Okawaru gifted it to you on level 2 of
                  | the Spider Nest)
 33250 | Spider:2 | Received a gift from Okawaru
 33338 | Spider:1 | Killed Asterion
 34094 | Spider:3 | Identified the +7 shortbow "Zaiteted" {elec, rElec rC+
                  | Str+4}
 34268 | Spider:4 | Entered Level 4 of the Spider Nest
 34283 | Spider:4 | Noticed Bai Suzhen
 34302 | Spider:4 | Killed Bai Suzhen
 34302 | Spider:4 | Identified the +0 pair of boots "Biupriosua" {-Tele Contam
                  | Will+++ Str+7} (Okawaru gifted it to you on level 4 of the
                  | Spider Nest)
 34302 | Spider:4 | Received a gift from Okawaru
 34376 | Spider:4 | Reached skill level 18 in Armour
 35229 | Spider:4 | Reached XP level 18. HP: 119/119 MP: 23/23
 35914 | Spider:4 | Reached skill level 19 in Armour
 36028 | Spider:4 | Identified the +1 pair of boots of Dukoxium {Rampage Fly
                  | rF++ rC-}
 36054 | Spider:4 | Got a gossamer rune of Zot
 36675 | D:13     | Noticed Josephine
 36682 | D:13     | Killed Josephine
 37023 | D:13     | Received a gift from Okawaru
 37256 | D:14     | Found the ring of Shadows {Umbra +Inv Stlth+}
 37416 | D:14     | Reached skill level 20 in Armour
 37480 | D:14     | Found a gate to the Vaults.
 37526 | D:14     | Found an ornate altar of the Wu Jian Council.
 37625 | D:14     | Found a glowing silver altar of Zin.
 38304 | D:15     | Entered Level 15 of the Dungeon
 38305 | D:15     | Identified the +1 quarterstaff "Eviscerator" {freeze,
                  | *Noise rPois Str+3}
 38705 | D:15     | Noticed Kirke
 38729 | D:15     | Killed Kirke
 39059 | D:15     | Reached skill level 21 in Armour
 39077 | D:15     | Found a staircase to the Depths.
 39271 | Vaults:1 | Entered Level 1 of the Vaults
 39426 | Vaults:1 | Identified the +11 morningstar of the Red Skies {protect,
                  | rPois Will++ Str-3 SInv} (Okawaru gifted it to you on level
                  | 1 of the Vaults)
 39426 | Vaults:1 | Received a gift from Okawaru
 39581 | Vaults:1 | Paralysed by a great orb of eyes for 2 turns
 39874 | Vaults:1 | Reached XP level 19. HP: 118/124 MP: 24/24
 39959 | Vaults:1 | Reached skill level 22 in Armour
 40053 | Vaults:1 | You are sucked into a shaft and drop 1 floor!
 40919 | Vaults:2 | Identified the +2 plate armour "Gadeggaox" {+Blink Dex+3}
                  | (Okawaru gifted it to you on level 2 of the Vaults)
 40919 | Vaults:2 | Received a gift from Okawaru
 41052 | Vaults:1 | Slain by a vault guard

Illustrated notes

Levels and vault maps discovered:
D:1:      lightli_arrival_farm, layout_basic
D:2:      layout_loops_ring, serial_shops, nicolae_shop_behind_doors,
          chequers_big_river, uniq_crazy_yiuf_cottage, uniq_jessica,
          uniq_natasha
D:3:      layout_loops_ring, lightli_temple_of_fire,
          chequers_serial_rivers_micro_b
D:4:      layout_cave_pools, nicolae_shop_clearance
D:5:      layout_cave_pools
D:6:      layout_cave_pools, amcnicky_altar_gilded,
          gammafunk_temple_overflow_pools, gup_sewer_entry_pipe,
          amcnicky_mini_rare_corridor_liquid, minmay_misc_feat_x
D:7:      layout_loops_ring, mainiacjoe_overflow_alcove_1,
          minmay_temple_entry_stoned_glass
D:8:      layout_layer_cave, enter_bailey_2, amcnicky_mini_pool_small,
          hangedman_abyss_or_decor_passed, nicolae_take_the_stairs
D:9:      layout_basic, fedhas_altar_fruit_tree, serial_curves, eino_curves_01,
          eino_curves_03, hangedman_minor_magic
D:10:     layout_cave_pools, overflow_temple_1_default, serial_column_ruins,
          column_ruins_temple_circle, column_ruins_hut, column_ruins_open_small,
          column_ruins_open_tiny, column_ruins_open_tiny,
          column_ruins_columns_straight, column_ruins_open_tiny, uniq_psyche,
          uniq_amaemon
D:11:     layout_gridville, david_lair_shrubbed, chequers_serial_rivers_large_b,
          minmay_shop_mass
D:12:     layout_roguey, minmay_orc_entry_temple_small, gauntlet_entry_generic
D:13:     minmay_opposing_rooms, layout_basic, kennysheep_generic_room_9,
          uniq_josephine
D:14:     layout_basic, skrybe_vaults_entry_preservation,
          nzn_wu_jian_council_hall, minivault_27, zin_angel
D:15:     grunt_enter_depths_magical_seal, layout_stronghold,
          serial_bayou_pond_d, chequers_serial_rivers_micro_a,
          chequers_serial_rivers_room_a, uniq_kirke
Temple:   nicolae_temple_no_exploring_needed
Lair:1:   layout_roguey, st_stairs_12, wad_woods_03, grunt_megastairs_3,
          infiniplex_staircase_pool_2, uniq_gastronok
Lair:2:   wander_river, layout_hall_layers, palyth_hydra_swamp_entry,
          infiniplex_staircase_pool, lemuel_fruit_tree, uniq_urug
Lair:3:   layout_roguey, dummy_spider_entry
Lair:4:   layout_regular_city, lightli_volcano_entry_magma_tube
Lair:5:   hangedman_lair_in_review, layout_layer_cave, slime_entry_1,
          ebering_ghost_xom, grunt_megastairs_2, uniq_sonja
Swamp:1:  layout_falls_marsh, evilmike_swamp_ruin_house_6, swamp_pool2,
          uniq_jorgrun, uniq_nikola
Swamp:2:  layout_basic_swamp, evilmike_swamp_ruin_rubble_1, swamp_pool1,
          nicolae_swamp_baby_hydras
Swamp:3:  layout_basic_swamp, nicolae_swamp_tree_designs
Swamp:4:  swamp, layout_basic_swamp
Spider:1: layout_chambers, gammafunk_ghost_berserking_beasts,
          guppyfry_spider_mini_3
Spider:2: layout_chambers, gammafunk_ghost_cemetery
Spider:3: layout_spider_delve, uniq_asterion
Spider:4: spider_rune_water, drop_trap, uniq_bai_suzhen
Orc:1:    layout_caves
Orc:2:    grunt_orc_tribal_feast, layout_diamond_mine, serial_shops, shop,
          mines2_david
Vaults:1: vaults_room_corners, ontoclasm_vaults_spin,
          nicolae_vaults_circle_grid_a, hangedman_vaults_slither,
          nicolae_vaults_rhombus_6, v_misc_23, ontoclasm_vaults_loading_screen,
          nicolae_vaults_gold_heap, nicolae_vaults_shelves_hall,
          vaults_room_corners, hangedman_vaults_restitches,
          layout_vaults_quadrants
Vaults:2: hellmonk_ghost_happy_afterlife, vaults_dpeg_spiral,
          grunt_vaults_swirl, nicolae_vaults_mini_display_case, v_pattern_1,
          v_rooms_4, v_misc_28, grunt_vaults_diagonal, vaults_room_pools,
          dpeg_vaults_monster_row, vaults_dpeg_diagonal,
          nicolae_vaults_shelves_hall, grunt_vaults_hallway_long,
          layout_vaults_ring

Skill      XL: |  1  2  3  4  5  6  7  8  9 10 11 12 13 14 15 16 17 18 19 |
---------------+----------------------------------------------------------+-----
Fighting       | 4 5 6 7 9 11 13 14 15 | 15.2
Maces & Flails | 3 4 5 6 8 9 11 12 15 16 | 16.0
Invocations    | 2 6 7 |  7.0
Shields        | 7 11 14 16 18 19 | 19.3
Armour         | 7 11 14 16 18 21 22 | 22.6
Dodging        | 6 8 |  8.1

Action                     |  1- 3 |  4- 6 |  7- 9 | 10-12 | 13-15 | 16-18 | 19-21 || total
---------------------------+-------+-------+-------+-------+-------+-------+-------++-------
  Melee: Flail             |    85 |   297 |   404 |       |       |       |       ||   786
         Morningstar       |       |       |    57 |   716 |  1162 |  1246 |   183 ||  3364
         Unarmed           |       |       |       |    12 |       |       |       ||    12
  Throw: Throwing net      |       |     1 |       |       |       |       |       ||     1
 Invoke: Heroism           |       |       |       |    13 |     9 |     6 |     1 ||    29
         Finesse           |       |       |       |       |     3 |     2 |       ||     5
  Evoke: Wand              |       |       |     8 |       |     2 |       |       ||    10
    Use: Scroll            |     2 |     8 |    12 |    12 |     6 |     5 |     4 ||    49
         Potion            |       |     5 |     5 |     3 |     3 |     2 |     1 ||    19
   Stab: Invisible         |       |       |     2 |       |       |       |       ||     2
         Petrified         |       |       |       |       |    18 |       |       ||    18
 Armour: Scale mail        |    53 |   187 |   325 |     3 |       |       |       ||   568
         Chain mail        |       |       |       |   656 |   111 |       |       ||   767
         Skin              |       |       |       |     1 |       |       |       ||     1
         Plate armour      |       |       |       |       |   617 |   858 |   122 ||  1597
  Dodge: Dodged            |    48 |   150 |   253 |   387 |   462 |   594 |    65 ||  1959
  Block: Buckler           |    20 |    60 |    87 |   192 |   271 |   172 |       ||   802
         Tower shield      |       |       |       |       |       |  1296 |   342 ||  1638
         Reflection        |       |       |       |       |       |    29 |    22 ||    51

Table legend: (Time is in decaauts)
 A = Elapsed time spent in this place.
 B = Non-inter-level travel time spent in this place.
 C = Inter-level travel time spent in this place.
 D = Time resting spent in this place.
 E = Time spent auto-exploring this place.
 F = Levels seen in this place.
 G = Mean time per level.
                   A        B        C        D        E       F      G
               +--------+--------+--------+--------+--------+-----+--------+
         Total |  40733 |  38431 |   2302 |   8550 |  20517 |  34 | 1198.0 |
       Dungeon |  18352 |  16916 |   1436 |   2762 |   9923 |  15 | 1223.5 |
        Temple |    153 |    146 |      7 |    136 |      0 |   1 |  153.0 |
          Lair |   8754 |   8270 |    484 |   2325 |   4417 |   5 | 1750.8 |
         Swamp |   3409 |   3274 |    135 |    804 |   1672 |   4 |  852.2 |
   Spider Nest |   6296 |   6125 |    171 |   1543 |   3029 |   4 | 1574.0 |
  Orcish Mines |   1680 |   1613 |     67 |    294 |    847 |   2 |  840.0 |
        Vaults |   1728 |   1728 |      0 |    551 |    629 |   2 |  864.0 |
      Gauntlet |    360 |    360 |      0 |    135 |      0 |   1 |  360.0 |
               +--------+--------+--------+--------+--------+-----+--------+

Top non-repeatable levels by time:
  Lair:5: 2335 daAuts
Spider:2: 2072 daAuts
     D:9: 2052 daAuts
  Lair:2: 1932 daAuts
     D:8: 1851 daAuts
  Lair:4: 1586 daAuts
Spider:1: 1529 daAuts
     D:2: 1514 daAuts
  Lair:1: 1464 daAuts
     D:6: 1456 daAuts
  Lair:3: 1435 daAuts
Spider:4: 1385 daAuts
    D:11: 1373 daAuts
Spider:3: 1309 daAuts
    D:10: 1231 daAuts
